 Dungeon Crawl Stone Soup version 0.30-a0-389-g8d7d949f56 (webtiles) character file.

Game seed: 14691359328784065766

552 tio the Grave Robber (level 7, -8/47 HPs)
             Began as a Demonspawn Necromancer on Dec 3, 2022.
             Mangled by an ogre
             ... wielding a +0 giant spiked club
              (14 damage)
             ... on level 5 of the Dungeon.
             The game lasted 00:20:24 (3967 turns).

tio the Grave Robber (Demonspawn Necromancer)       Turns: 3967, Time: 00:20:25

Health: -8/47      AC:  8    Str:  8    XL:     7   Next: 8%
Magic:  7/14       EV: 12    Int: 18    God:
Gold:   267        SH:  0    Dex: 14    Spells: 14/15 levels left

rFire   . . .      SeeInvis .    m - +11 dagger of Amortisation {vorpal, rC+}
rCold   + . .      Faith    .    (no shield)
rNeg    . . .      Spirit   .    a - +0 robe
rPois   +          Reflect  .    j - +1 hat
rElec   .          Harm     .    e - +1 cloak
rCorr   .          Rampage  .    (no gloves)
Will    .....                    l - +0 pair of boots
Stlth   ++........               (no amulet)
HPRegen 0.27/turn                g - ring of poison resistance
MPRegen 0.14/turn                (no ring)

@: no status effects
A: antennae 1, molten scales 1, foul stench 1, condensation shield
a: no special abilities


You were on level 5 of the Dungeon.
You visited 1 branch of the dungeon, and saw 5 of its levels.

You collected 267 gold pieces.

Inventory:

Hand Weapons
 k - a +0 long sword
 m - the +11 dagger of Amortisation (weapon) {vorpal, rC+}
   (You found it on level 4 of the Dungeon)

   It inflicts extra damage upon your enemies.
   rC:        It protects you from cold.
Missiles
 s - 2 silver boomerangs
Armour
 a - a +0 robe (worn)
 e - a +1 cloak (worn)
 j - a +1 hat (worn)
 l - a +0 pair of boots (worn)
Jewellery
 g - a ring of poison resistance (left hand)
Scrolls
 b - a scroll of enchant weapon
 c - a scroll of immolation
 n - 3 scrolls of poison
 t - a scroll of magic mapping
 u - a scroll of identify
Potions
 d - 5 potions of brilliance
 f - 2 potions of flight {unknown}
 h - 2 potions of mutation
 i - a potion of cancellation {unknown}
 o - a potion of degeneration {unknown}
 p - a potion of curing {unknown}
 q - a potion of ambrosia {unknown}


   Skills:
 + Level 0.4 Fighting
 + Level 1.0 Short Blades
 + Level 0.7 Polearms
 + Level 2.4 Dodging
 + Level 2.0 Stealth
 + Level 0.1 Shields
 + Level 4.8 Spellcasting
 + Level 6.9 Necromancy


You had 14 spell levels left.
You knew the following spells:

 Your Spells              Type           Power      Damage    Failure   Level
a - Necrotise             Necr           100%       1d9       1%          1

Your spell library contained the following spells:

 Spells                   Type           Power      Damage    Failure   Level
 Vampiric Draining        Necr           29%        2d8       2%          3
 Animate Dead             Necr           29%        N/A       8%          4
 Slow                     Hex            16%        N/A       14%         1
 Blink                    Tloc           8%         N/A       21%         2
 Agony                    Necr           29%        N/A       22%         5
 Confusing Touch          Hex            4%         N/A       38%         3
 Manifold Assault         Tloc           4%         N/A       80%         4
 Storm Form               Tmut/Air       2%         N/A       100%        7


Dungeon Overview and Level Annotations

Branches:
Dungeon (5/15)
 Temple: D:4-7

Altars:


Innate Abilities, Weirdness & Mutations

You have a pair of small antennae on your head.
You are partially covered in molten scales. (AC +2)
You may rarely emit foul miasma when damaged in melee.
A meltable shield of frost defends you. (SH +0)


Message History

Your orc wizard skeleton barely misses the orc.
The orc hits your orc wizard skeleton with a +0 falchion.
Your orc wizard skeleton hits the orc but does no damage.
The orc hits your orc wizard skeleton with a +0 falchion.
Your orc wizard skeleton barely misses the orc.
The orc hits your orc wizard skeleton with a +0 falchion.
Your orc wizard skeleton is destroyed!
The orc writhes in agony.
The orc writhes in agony.
You kill the orc!
The dead are walking!
The orc writhes in agony.
The orc writhes in agony!
You kill the orc!
The dead are walking!
The ogre hits your orc skeleton with a +0 giant spiked club!!
Your orc skeleton is destroyed!
Magic courses through your body.
You can't see any susceptible monsters within range! (Use Z to cast anyway.)
You can't see any susceptible monsters within range! (Use Z to cast anyway.)
You can't see any susceptible monsters within range! (Use Z to cast anyway.)
The ogre hits your orc skeleton with a +0 giant spiked club!
Your orc skeleton is destroyed!
The ogre barely resists.
The ogre writhes in agony.
The ogre writhes in agony!
The ogre barely misses you.
The ogre barely resists.
The ogre barely resists.
The ogre barely misses you.
The ogre barely resists.
The ogre hits you with a +0 giant spiked club!
The ogre writhes in agony!
The ogre writhes in agony.
The ogre hits you with a +0 giant spiked club!!
* * * LOW HITPOINT WARNING * * *
You are too injured to fight recklessly!
You are too injured to fight recklessly!
You are too injured to fight recklessly!
You are too injured to fight recklessly!
The ogre hits you with a +0 giant spiked club!
You die...

######....#.#
#.....#######
#.........#.#
#............
..####...##.#
##..#.#######
####)###.# #..#.#
#........# #..#.#
#.##.###.# #..#.#
..##.##†....# #..#.#
............###.....#
..........@.........#
.###.>...#.O.##...#.#
#####.###)# ####.#
#.# #)# #.# #.# #)#
... #)# #.#.##.. .!
..... .## ##...>


You could see an ogre.

Vanquished Creatures
  Eustachio (D:5)
  A necrophage (D:5)
  A hound (D:5)
  4 orc priests
  An iguana (D:4)
  An orc wizard (D:5)
  A gnoll (D:1)
  5 adders
  An ufetubus (D:4)
  3 worms (D:2)
  4 dart slugs
  11 orcs
  6 ball pythons
  3 endoplasms
  6 giant cockroaches
  2 hobgoblins (D:4)
  4 quokkas
  4 bats
  A frilled lizard (D:3)
  8 goblins
  3 kobolds
  6 rats
77 creatures vanquished.

Vanquished Creatures (collateral kills)
  A dart slug (D:3)
1 creature vanquished.

Grand Total: 78 creatures vanquished

Notes
Turn   | Place    | Note
-------+----------+-------------------------------------------
     0 | D:1      | tio the Demonspawn Necromancer began the quest for the Orb.
     0 | D:1      | Reached XP level 1. HP: 13/13 MP: 3/3
   577 | D:1      | Gained mutation: You have a pair of small antennae on your
                  | head. [demonic ancestry]
   577 | D:1      | Reached XP level 2. HP: 19/19 MP: 0/5
   582 | D:1      | Reached skill level 5 in Necromancy
   803 | D:2      | Reached XP level 3. HP: 24/24 MP: 2/6
  1323 | D:2      | Gained mutation: A meltable shield of frost defends you.
                  | (SH +0) [demonic ancestry]
  1323 | D:2      | Reached XP level 4. HP: 30/30 MP: 0/7
  2368 | D:3      | Reached XP level 5. HP: 18/35 MP: 0/9
  3124 | D:4      | Identified the +11 dagger of Amortisation {vorpal, rC+}
  3279 | D:4      | Reached skill level 6 in Necromancy
  3732 | D:5      | Entered Level 5 of the Dungeon
  3766 | D:5      | Gained mutation: You are partially covered in molten
                  | scales. (AC +2) [demonic ancestry]
  3766 | D:5      | Reached XP level 6. HP: 41/41 MP: 7/11
  3808 | D:5      | Noticed Eustachio
  3822 | D:5      | Killed Eustachio
  3927 | D:5      | Reached skill level 1 in Short Blades
  3937 | D:5      | Gained mutation: You may rarely emit foul miasma when
                  | damaged in melee. [demonic ancestry]
  3937 | D:5      | Reached XP level 7. HP: 32/47 MP: 7/14
  3967 | D:5      | Mangled by an ogre

Illustrated notes

Levels and vault maps discovered:
D:1:      dpeg_arrival_radiant, layout_rooms
D:2:      layout_basic
D:3:      layout_basic
D:4:      layout_basic
D:5:      layout_loops_ring, mainiacjoe_overflow_24_doors,
          kennysheep_little_box, minmay_temple_entry_proselytizer,
          uniq_eustachio

Skill      XL: |  1  2  3  4  5  6 |
---------------+-------------------+-----
Dodging        | 2 |  2.4
Necromancy     | 5 6 |  6.9
Spellcasting   | 3 4 |  4.8
Stealth        | 2 |  2.0
Short Blades   | 1 |  1.0
Fighting       | |  0.4
Polearms       | |  0.7
Shields        | |  0.1

Action                   |  1- 3 |  4- 6 |  7- 9 || total
-------------------------+-------+-------+-------++-------
Melee: Spear             |    12 |     2 |       ||    14
       Unarmed           |     9 |       |       ||     9
       Punch             |     1 |     1 |       ||     2
       Dagger            |       |    11 |       ||    11
 Cast: Necrotise         |    44 |   105 |    18 ||   167
  Use: Scroll            |     3 |     6 |       ||     9
       Potion            |     1 |       |     1 ||     2
Armor: Robe              |    12 |    13 |     1 ||    26
Dodge: Dodged            |    22 |    26 |     2 ||    50
Block: Other             |       |     5 |       ||     5

Table legend: (Time is in decaauts)
 A = Elapsed time spent in this place.
 B = Non-inter-level travel time spent in this place.
 C = Inter-level travel time spent in this place.
 D = Time resting spent in this place.
 E = Time spent auto-exploring this place.
 F = Levels seen in this place.
 G = Mean time per level.
                   A        B        C        D        E       F      G
               +--------+--------+--------+--------+--------+-----+--------+
         Total |   3966 |   3480 |    486 |      0 |   2933 |   5 |  793.2 |
       Dungeon |   3966 |   3480 |    486 |      0 |   2933 |   5 |  793.2 |
               +--------+--------+--------+--------+--------+-----+--------+

Top non-repeatable levels by time:
     D:3: 1132 daAuts
     D:2: 1127 daAuts
     D:1: 775 daAuts
     D:4: 697 daAuts
     D:5: 234 daAuts
